← All builds
Front / Armada / Economy first / OBSERVED BUILD

Gauntlet defence

Front builds a Gauntlet by around 5:30, well before the norm, to anchor a defensive line at middle while the economy develops, backing it later with Rattlesnake and more Gauntlets.

#defence #artillery · 84 distinct matches · 44 players · 6% of Armada Front games · team won 56% of 86 · Recently observed

THE CATCH, AND WHAT COMES WITH IT
  • GauntletEarly defence from 5:31 · 8% of role by thenOnly 8% of Front games have it by then; others who build it get it around 11:14

Where those units first fight, in 72 games with kill data: in the middle 100%.

Those units destroy a typical 620 metal of enemy units by 15:00.

Then transitions into rocketeer (12% of army), blitz (12% of army), Rattlesnake (9% of army).

HOW TO PLAY IT

Key timing: Gauntlet by 5:34

  1. Open double mex and wind into a Vehicle Plant for the usual eco-first start.
  2. Add Beamer and defensive turf like Dragon's Teeth while eco grows.
  3. Commit early to a Gauntlet well ahead of the normal timing.
  4. Bring Rattlesnake into the mix to hold the defensive line at middle.
  5. Transition into T2 constructor once the line is anchored.

Phase by phase

TYPICAL OF ITS 84 GAMES · AGAINST STANDARD FRONT
  1. 1
  2. 2
  3. 3
PLAY THE OPENING

Follow the example game's first 6:32 step by step: what to build now, what comes next, and where it goes. At 1× it keeps pace with your own game.

  1. 1

    Up to the Bot Lab

    Economy
    • Metal Extractor2Mex
    • Wind Turbine1Wind
    Order
    1. Bot LabBot Lab after 3 mex, 1 winddone ~0:45, middle half 0:39–0:55

    Some games also: Vehicle Plant (41%)

    By 0:28 in all: 2 mex · 1 wind

    The example game in this phase · 1 step
    1. Mex ×3
  2. 2

    Bot Lab to Early defence

    Economy
    • Metal Extractor4Mex
    • Wind Turbine4Wind−2 vs standard
    Order
    1. GauntletEarly defence after 6 mex, 7 wind, 1 con turretdone ~6:37, middle half 6:07–7:10
    Builders
    • Construction Bot2 Con bot +2 vs standard
    Army
    • Sentry2 Sentry
    • Rocketeer3 Rocketeer +3 vs standard

    Some games also: tick (49%) · con turret (48%) · Lazarus (45%) · centurion (42%) · Radar Tower (36%)

    The standard build makes here, this one skips: 2 con vehicle · 3 janus

    By 5:31 in all: 6 mex · 8 wind · 1 con turret

    The example game in this phase · 17 steps
    1. Vehicle PlantVehicle Plantdone 0:48 · typical 0:47
    2. RoverScout
    3. Wind
    4. RoverScout
    5. JanusJanus ×3
    6. RoverScout
    7. Construction VehicleCon vehiclefor Suicide front
    8. Construction VehicleCon vehicle ×2
    9. Mex
    10. WhistlerMissile truck
    11. JanusJanus
    12. Mex
    13. Radar TowerRadar Tower
    14. JanusJanus
    15. Mex
    16. Construction VehicleCon vehicle ×2
    17. GauntletGauntletdone 4:41 · typical 6:37
  3. 3

    Early defence to 10:00

    Economy
    • Metal Extractor1Mex
    • Wind Turbine17Wind
    Builders
    • Construction Turret2 Con turret

    Some games also: energy storage (50%) · Dragon's Teeth (47%) · Beamer (45%) · converter (40%) · Sentry (38%)

    The standard build makes here, this one skips: 2 blitz

    By 10:00 in all: 7 mex · 27 wind · 1 energy storage · 4 con turret

    The example game in this phase · 138 steps
    1. Con turret
    2. BeamerBeamer
    3. Energy storage
    4. BeamerBeamer
    5. Wind ×2
    6. BeamerBeamer
    7. Wind ×3
    8. WhistlerMissile truck
    9. Wind
    10. WhistlerMissile truck
    11. Wind
    12. WhistlerMissile truck
    13. Wind ×2
    14. WhistlerMissile truck
    15. Wind
    16. BeamerBeamer
    17. Wind
    18. WhistlerMissile truck
    19. Wind ×2
    20. WhistlerMissile truck
    21. Wind
    22. EllysawFrigate
    23. Wind
    24. Mex
    25. Wind
    26. Mex
    27. Sneaky PeteSneaky Pete
    28. Wind
    29. EllysawFrigate
    30. Con turret
    31. Wind
    32. HarpoonHarpoon
    33. Advanced Metal ExtractorT2 mexdone 8:25 · typical 9:10
    34. HarpoonHarpoon
    35. Wind
    36. HarpoonHarpoon
    37. Wind ×2
    38. HarpoonHarpoon
    39. EllysawFrigate
    40. Mex
    41. Wind ×5
    42. Advanced Metal ExtractorT2 mex
    43. EllysawFrigate
    44. Wind
    45. Radar TowerRadar Tower
    46. Wind ×2
    47. EllysawFrigate
    48. Wind ×2
    49. Naval Radar / Sonar TowerNaval Radar / Sonar Tower
    50. Advanced Metal ExtractorT2 mex
    51. Wind
    52. EllysawFrigate
    53. Wind
    54. BeamerBeamer
    55. EllysawFrigate
    56. Wind ×2
    57. EllysawFrigate
    58. Wind
    59. HarpoonHarpoon
    60. BeamerBeamer
    61. Con turret
    62. Advanced Metal ExtractorT2 mex
    63. HarpoonHarpoon
    64. Con turret
    65. EllysawFrigate
    66. Con turret
    67. Vehicle PlantVehicle Plantdone 10:14
    68. Advanced Metal ExtractorT2 mex
    69. Naval Construction Turret
    70. BeamerBeamer
    71. EllysawFrigate
    72. HarpoonHarpoon
    73. Naval Construction Turret ×2
    74. EllysawFrigate
    75. BeamerBeamer ×2
    76. EllysawFrigate
    77. Construction VehicleCon vehicle ×2
    78. Con turret
    79. EllysawFrigate
    80. HarpoonHarpoon
    81. Advanced Metal ExtractorT2 mex
    82. Construction VehicleCon vehicle
    83. HarpoonHarpoon
    84. EllysawFrigate
    85. Advanced Metal ExtractorT2 mex
    86. Construction VehicleCon vehicle
    87. EllysawFrigate
    88. HarpoonHarpoon
    89. EllysawFrigate ×3
    90. CorsairDestroyerdone 12:20
    91. Naval Radar / Sonar TowerNaval Radar / Sonar Tower
    92. VeilVeil
    93. Construction VehicleCon vehicle
    94. CorsairDestroyer ×2
    95. Mex
    96. Advanced Metal ExtractorT2 mex ×2
    97. Grim ReaperGrim Reaper
    98. Construction VehicleCon vehicle
    99. Mex ×2
    100. Con turret
    101. Fusion ReactorFusionnot finished by 15:00
    102. Naval Radar / Sonar TowerNaval Radar / Sonar Tower
    103. Grim ReaperGrim Reaper
    104. BeamerBeamer ×2
    105. Grim ReaperGrim Reaper
    106. CorsairDestroyer
    107. DolphinDolphin ×5
    108. BeamerBeamer
    109. BlitzBlitz
    110. DolphinDolphin
    111. Wind
    112. BlitzBlitz
    113. Wind
    114. BlitzBlitz
    115. DolphinDolphin
    116. BlitzBlitz
    117. DolphinDolphin
    118. Wind
    119. BlitzBlitz
    120. DolphinDolphin
    121. BlitzBlitz
    122. DolphinDolphin
    123. Wind
    124. BlitzBlitz
    125. CorsairDestroyer
    126. Wind
    127. BlitzBlitz ×2
    128. Wind
    129. BlitzBlitz
    130. SkaterSkater
    131. BlitzBlitz
    132. Wind
    133. BlitzBlitz
    134. SkaterSkater
    135. Wind
    136. BlitzBlitz
    137. Fusion ReactorFusion
    138. SkaterSkater

Counts are medians over the build's games: half of them build more, half fewer. The example game is DRM's (44 OS, 21/09/2026); pick another.

Team trades

IN AT LEAST 30% OF ITS GAMES

You hand over

Nothing regular.

You get

  • Tidal Generator4 Tidal from Pondfirst at 0:19 · in 79% of games
  • Advanced Construction Bot1 T2 con bot from Geo or Techfirst at 7:23 · in 63% of games

How it plays out

Typical game of this build against the role’s standard build, running totals by minute

  • This build
  • Standard front

Metal produced

010k20k30k
0:005:0010:0015:00

metal

Enemy metal destroyed

05k10k
0:005:0010:0015:00

metal

Own metal lost

05k10k
0:005:0010:0015:00

metal

86 games.

Show as table
ByMetal produced: This buildMetal produced: Standard frontEnemy metal destroyed: This buildEnemy metal destroyed: Standard frontOwn metal lost: This buildOwn metal lost: Standard front
1:003333330000
2:0086284629213131
3:0016571624127140109105
4:0027052712435540302333
5:00387938688501188593813
6:00509650761444209910881526
7:00633763141987298417222459
8:00762976622705387122953365
9:00906090873544463228574312
10:0010927106663958530833545060
11:0013153126084497581943315701
12:0015864148155115631355116521
13:0018984174405686698165067256
14:0022200201836548758475798093
15:0025798226307050839486268939
WHAT THE NUMBERS SAY

Won less often than the standard build and destroyed noticeably less enemy metal, despite pulling ahead in metal produced by 15:00.

  • + Metal produced by 15:00 clearly ahead (23942 vs 22219)
  • + Own metal lost by 15:00 about even (8933 vs 8949)
  • − Team win rate below standard (51% vs 61%)
  • − Enemy metal destroyed by 15:00 well behind (6999 vs 8347)
THE EXAMPLE YOU ARE READING

DRM

43.9 OS · 21/09/2026

Open source match ↗

37 received units · includes a constructor
76 metal received · 34337 energy received

Allied construction assistance is unknown. Timings are observations, not a promise of solo reproducibility.

Typical milestones

Bot Lab0:45Middle 50%: 0:39–0:55 · n=57
Vehicle Plant0:47Middle 50%: 0:41–1:00 · n=54
Gauntlet6:37Middle 50%: 6:07–7:10 · n=72
Advanced Metal Extractor9:10Middle 50%: 8:15–10:41 · n=69

Played most by

Leohvm12games of this buildDRM7games of this buildCentientWaffle4games of this buildGodmother134games of this buildarmjanus3games of this build